AoeStats
← Fleischwolf

MegaRandom

509692173Analyzed
4v4 RM · 4d ago on Sep 27, 2026· 40m 1s· 8 players
Game mode
Random Map
Map size
Large (8 player)
Population
200
Speed
Normal
Resources
Standard
Victory
Conquest
Starting age
Dark Age
Ending age
Imperial Age
RankedLock teamsTeams togetherTeam positionsShared explorationLock speedFull tech treeHidden civsTurbo modeCheats
Victory
Defeat
🇩🇪 Bulgarians · Germany
1414
+12
🇩🇪 Celts · Germany
1411
+13
🇩🇪 Lithuanians · Germany
1326
+16
🇩🇪 Mongols · Germany
1213
+21
🇺🇸 Inca · United States
1397
-18
🇪🇸 Maya · Spain
1348
-16
🇫🇷 Wu · France
1317
-15
🇫🇷 Persians · France
1257
-13
Fleischwolf
2:04 Loom
10:06 Feudal Age
10:34 Double-Bit Axe
15:21 Forging
16:19 Scale Barding Armor
22:24 Castle Age
21:37 Bloodlines
21:45 Gold Mining
24:35 Chain Barding Armor
25:04 Bow Saw
25:08 Husbandry
28:20 Town Watch
31:51 Wheelbarrow
38:23 Horse Collar
43:07 Imperial Age
Jarrymo
5:46 Loom
9:53 Feudal Age
11:31 Double-Bit Axe
16:08 Scale Barding Armor
16:53 Forging
18:42 Bloodlines
23:56 Castle Age
24:17 Wheelbarrow
23:24 Horse Collar
24:10 Light Cavalry
27:15 Chain Barding Armor
27:52 Husbandry
29:09 Bow Saw
34:04 Fletching
34:15 Padded Archer Armor
37:54 Bodkin Arrow
38:47 Gold Mining
38:50 Stone Mining
40:54 Ballistics
Kampfkekssss
6:09 Loom
7:01 Loom
9:31 Feudal Age
10:05 Double-Bit Axe
11:24 Town Watch
14:12 Fletching
15:04 Padded Archer Armor
16:10 Horse Collar
22:10 Wheelbarrow
28:14 Castle Age
26:57 Gold Mining
27:05 Stone Mining
28:52 Bodkin Arrow
28:20 Crossbowman
28:22 Elite Skirmisher
29:32 Bow Saw
30:29 Leather Archer Armor
31:07 Ballistics
33:32 Thumb Ring
38:06 Hand Cart
41:42 Imperial Age
39:53 Stone Shaft Mining
Moard
7:17 Loom
9:31 Feudal Age
9:34 Man-at-Arms
10:40 Double-Bit Axe
15:06 Fletching
18:30 Padded Archer Armor
22:24 Castle Age
21:25 Scale Mail Armor
22:28 Pikeman
24:29 Wheelbarrow
23:51 Gold Mining
24:13 Bow Saw
HappyHalb
8:01 Loom
10:05 Feudal Age
11:17 Double-Bit Axe
15:52 Fletching
19:26 Horse Collar
22:38 Castle Age
22:40 Crossbowman
23:16 Bodkin Arrow
25:50 Bow Saw
26:49 Thumb Ring
32:25 Squires
31:47 Champi Runner
33:09 Champi Warrior
34:52 Scale Mail Armor
36:46 Chain Mail Armor
38:29 Forging
Elfufu
5:26 Loom
11:04 Feudal Age
13:29 Double-Bit Axe
28:05 Castle Age
27:17 Horse Collar
38:28 Heavy Plow
Le Miel Jospin
6:25 Loom
8:47 Feudal Age
9:28 Double-Bit Axe
13:45 Fletching
14:45 Padded Archer Armor
18:18 Horse Collar
22:52 Gold Mining
25:12 Castle Age
25:51 Bodkin Arrow
25:17 Crossbowman
28:29 Leather Archer Armor
29:54 Bloodlines
29:44 Husbandry
30:28 Ballistics
Porro balón de oro
0:29 Loom
10:07 Feudal Age
10:45 Double-Bit Axe
13:09 Fletching
19:36 Wheelbarrow
24:09 Castle Age
22:33 Horse Collar
22:45 Gold Mining
24:16 Crossbowman
24:51 Bodkin Arrow
25:11 Bow Saw
25:33 Padded Archer Armor
28:24 Ballistics
28:32 Leather Archer Armor
30:55 Thumb Ring
Connection lost

Rejoining the realm…

Still unreachable

The connection could not be restored.

Session expired

The server has moved on; the page needs a fresh start.